Map: Lightshade LE

Players

chrZZ

  • Race: Zerg Zerg
  • League: Silver
  • Spawn Location: 5:00

Cchzh - Winner!

  • Race: Terran Terran
  • League: Gold
  • Spawn Location: 11:00

VOD

https://www.reddit.com/r/allthingszerg/comments/j6tzrn/widow_mines_are_op/

Description

Time

  • Played on: Oct. 7, 2020, 10:36 a.m.
  • Length: 28:45
Show
View Real Time Build Order
Export as new Build Order

chrZZ Zerg 

Build Orders: Pool First 

Get SALT Encoding   

  12  0:01  Drone  
  13  0:14  Drone  
  13  0:19  Extractor  
  13  0:29  Spawning Pool  
  12  0:36  Overlord  
  12  1:17  Hatchery  
  11  1:25  Zergling x4  
  13  1:29  Zergling x2  
  14  1:37  Zergling x2  
  15  1:53  Metabolic Boost  
  15  1:55  Zergling x2  
  16  2:04  Zergling x2  
  17  2:10  Zergling x2  
  18  2:17  Queen  
  18  2:22  Zergling x2  
  20  2:42  Zergling x8  
  24  2:54  Baneling Nest  
  23  3:08  Zergling x4  
  23  3:12  Drone  
  26  3:13  Zergling x2  
  21  3:36  Zergling x10  
  26  3:58  Drone  
  26  4:01  Overlord x2  
  27  4:08  Baneling x2  
  27  4:18  Baneling  
  27  4:27  Baneling  
  15  4:52  Zergling x6  
  17  4:53  Zergling x6  
  20  5:06  Queen  
  21  5:38  Drone x5  
  21  5:39  Drone  
  25  5:49  Drone  
  26  5:50  Drone  
  27  6:06  Spine Crawler  
  27  6:11  Overlord  
  23  6:19  Overlord  
  23  6:20  Overlord  
  13  6:59  Drone  
  13  7:00  Drone x4  
  18  7:30  Drone x2  
  20  7:41  Drone  
  21  8:01  Roach Warren  
  20  8:05  Evolution Chamber  
  20  8:09  Extractor  
  18  8:14  Extractor  
  18  8:16  Drone x2  
  18  8:17  Drone  
  20  8:28  Zergling x4  
  20  8:30  Zergling x2  
  23  8:46  Drone x4  
  27  9:11  Zerg Missile Weapons Level 1  
  27  9:15  Lair  
  24  9:39  Zergling x2  
  24  9:40  Hatchery, Zergling x4  
  24  9:44  Drone  
  24  10:20  Drone x4  
  28  10:28  Overlord x2  
  28  10:30  Overlord x3  
  28  10:50  Overseer  
  28  10:51  Overseer  
  28  10:53  Overseer x2  
  28  11:07  Drone x4  
  32  11:14  Overseer  
  32  11:23  Roach x5  
  32  11:24  Roach  
  44  11:43  Drone x2  
  46  12:03  Hydralisk Den  
  46  12:06  Zerg Missile Weapons Level 2  
  37  12:33  Overlord x2  
  37  12:34  Overlord x5  
  37  12:35  Overlord x3  
  37  12:36  Overlord  
  33  12:46  Spore Crawler  
  32  12:52  Spore Crawler  
  31  13:02  Queen  
  31  13:03  Queen  
  35  13:11  Hydralisk  
  37  13:14  Hydralisk  
  37  13:19  Hydralisk  
  41  14:36  Overlord  
  41  14:37  Overlord x2  
  41  14:58  Drone  
  41  15:52  Overlord x7  
  41  16:10  Queen x2  
  41  16:45  Pneumatized Carapace  
  41  16:48  Spore Crawler  
  40  17:01  Spore Crawler  
  39  17:08  Grooved Spines  
  39  17:11  Zerg Ground Armor Level 1  
  39  17:31  Spore Crawler  
  38  17:46  Spore Crawler  
  37  18:18  Overlord x4  
  37  18:19  Muscular Augments, Overlord x2  
  37  18:36  Queen  
  39  18:50  Overlord  
  39  18:51  Overlord x18  
  37  19:24  Overseer  
  36  19:30  Hydralisk x8  
  52  20:10  Hydralisk  
  54  20:19  Drone x2  
  56  20:34  Spore Crawler  
  55  20:49  Overlord  
  55  20:50  Overlord x6  
  43  21:16  Roach  
  43  21:18  Roach x6  
  47  21:26  Hydralisk x2  
  51  21:33  Roach x4  
  57  22:08  Overlord  
  57  22:09  Overlord x4  
  55  22:30  Overseer  
  55  22:34  Hydralisk  
  57  22:56  Drone  
  58  23:02  Queen  
  44  24:34  Overlord x12  
  44  24:35  Overlord x2  
  38  25:05  Hydralisk x3  
  38  25:06  Hydralisk  
  38  25:48  Overlord x3  
  38  26:06  Queen  
  40  26:26  Hydralisk  
  40  26:28  Hydralisk  
  40  26:29  Overlord  
  40  26:30  Overlord x2  
  30  27:06  Roach  
  30  27:09  Roach x5  
  30  28:24  Overlord  
  30  28:25  Overlord x7  
Show
View Real Time Build Order
Export as new Build Order

Cchzh Terran - Winner!

Build Orders: Command Center First (CC) 

Get SALT Encoding   

  12  0:00  SCV  
  13  0:12  SCV  
  14  0:18  Supply Depot  
  14  0:24  SCV  
  15  0:39  SCV  
  16  0:51  SCV  
  17  1:04  Command Center  
  17  1:10  SCV, Refinery  
  18  1:21  Barracks  
  19  1:25  SCV  
  19  1:37  SCV  
  20  1:43  Supply Depot  
  20  1:49  SCV  
  21  2:02  SCV  
  22  2:09  Marine  
  23  2:16  Orbital Command  
  23  2:19  Factory  
  23  2:22  Refinery  
  23  2:25  Orbital Command  
  23  2:35  Marine  
  24  2:44  Supply Depot  
  24  2:52  SCV x2  
  24  2:54  Marine  
  27  3:03  Starport  
  27  3:06  Hellion  
  27  3:11  SCV  
  30  3:14  Marine  
  31  3:32  Marine  
  31  3:34  Hellion  
  34  3:39  Viking  
  36  3:52  Marine  
  36  3:55  Hellion  
  39  4:00  Barracks  
  39  4:07  SCV  
  40  4:10  Marine  
  40  4:16  Hellion  
  43  4:25  Supply Depot  
  43  4:27  Marine  
  44  4:32  Orbital Command  
  44  4:35  Liberator  
  44  4:38  Hellion  
  49  4:51  SCV  
  51  5:01  Factory Tech Lab, Refinery, Barracks Reactor  
  51  5:02  Refinery  
  51  5:03  Barracks Reactor  
  50  5:08  SCV x2  
  52  5:20  SCV x2  
  52  5:21  Infernal Pre-Igniter, Hellion  
  54  5:46  SCV x2  
  56  5:55  Hellion  
  58  5:58  Command Center  
  58  6:03  SCV x2  
  60  6:15  SCV x2  
  62  6:21  Armory x2, Command Center  
  62  6:45  SCV x2  
  59  6:57  SCV x2  
  59  7:01  Factory x2  
  61  7:02  Factory  
  61  7:09  SCV x2  
  61  7:10  Hellion, Supply Depot  
  61  7:11  Supply Depot  
  61  7:12  Supply Depot  
  65  7:18  Orbital Command  
  65  7:22  SCV  
  66  7:27  SCV  
  67  7:31  Hellion  
  67  7:34  SCV  
  70  7:40  Orbital Command  
  70  7:42  SCV  
  71  7:44  Starport Reactor  
  71  7:46  SCV  
  71  7:47  Factory Reactor x3  
  71  7:50  Terran Vehicle Weapons Level 1, Terran Vehicle And Ship Armor Level 1  
  72  8:02  Starport  
  72  8:04  Starport  
  72  8:12  SCV x3  
  75  8:13  SCV  
  76  8:22  Fusion Core  
  76  8:25  Smart Servos  
  76  8:27  Armory  
  76  8:33  SCV x3  
  79  8:34  Widow Mine  
  79  8:35  Widow Mine x6  
  79  8:38  SCV  
  94  8:45  SCV x2  
  94  8:46  SCV  
  94  8:47  Viking x2  
  103  8:50  SCV, Starport Reactor  
  103  8:51  Starport Reactor  
  102  8:57  SCV  
  102  8:58  SCV x2  
  102  9:01  Supply Depot x2  
  102  9:02  SCV  
  106  9:04  Supply Depot  
  106  9:07  Supply Depot  
  106  9:09  SCV  
  107  9:12  Command Center  
  107  9:15  SCV  
  107  9:16  SCV x2  
  110  9:18  Refinery  
  110  9:20  Refinery  
  110  9:21  Refinery  
  110  9:22  SCV, Refinery  
  111  9:25  Hellion x2, Supply Depot  
  111  9:28  Hellion  
  111  9:30  Hellion  
  119  9:38  Viking  
  119  9:39  Viking x2  
  119  9:42  SCV x4  
  119  9:44  Drilling Claws  
  129  9:54  SCV x3  
  132  10:03  Terran Vehicle Weapons Level 2, Terran Vehicle And Ship Armor Level 2  
  132  10:04  Terran Ship Weapons Level 1  
  132  10:06  Rapid Reignition System  
  132  10:18  Widow Mine x5  
  142  10:33  Refinery x2  
  141  10:40  Factory x2  
  141  10:41  Factory  
  141  10:42  Factory  
  134  10:57  Orbital Command  
  134  11:03  Weapon Refit  
  134  11:11  Viking x3  
  138  11:15  Viking  
  142  11:21  Command Center  
  142  11:22  Command Center  
  142  11:24  Command Center  
  142  11:31  Viking x2  
  146  11:39  Starport  
  146  11:40  Starport  
  146  11:45  Starport, Viking x2  
  146  11:46  Starport, Viking  
  152  11:50  Mag-Field Accelerator  
  152  12:13  Factory Reactor  
  152  12:14  Factory Reactor x3  
  152  12:18  Supply Depot  
  152  12:19  Widow Mine x7  
  152  12:20  Supply Depot x2  
  166  12:31  Terran Ship Weapons Level 2  
  166  12:32  Terran Vehicle And Ship Armor Level 3, Terran Vehicle Weapons Level 3  
  166  12:36  Orbital Command  
  107  12:37  Orbital Command x2  
  164  12:41  Command Center  
  164  12:42  Command Center, Advanced Ballistics  
  164  12:45  Command Center  
  164  12:46  Supply Depot  
  164  12:48  Viking x2  
  168  13:15  Viking x2  
  170  13:48  Command Center  
  170  13:50  Command Center  
  170  13:51  Command Center  
  170  13:53  Command Center  
  170  14:00  Orbital Command  
  170  14:02  Starport  
  170  14:03  Starport x2  
  170  14:05  Starport x2  
  168  14:11  Orbital Command x3  
  168  14:17  Viking x6  
  180  14:59  Starport Reactor x5  
  180  15:01  Terran Ship Weapons Level 3  
  180  15:03  Starport Reactor  
  180  15:04  Starport Reactor x3  
  180  15:12  Orbital Command  
  180  15:13  Orbital Command x2  
  180  15:14  Orbital Command  
  170  15:22  Command Center  
  170  15:26  Viking x2  
  170  15:27  Viking x4  
  178  15:31  Command Center  
  178  15:35  Command Center  
  178  15:37  Command Center  
  170  16:05  Command Center  
  170  16:08  Command Center  
  170  16:10  Command Center  
  162  16:38  Orbital Command  
  154  16:47  Refinery x2  
  154  16:51  Orbital Command x3  
  154  17:00  Command Center  
  154  17:02  Viking x3  
  154  17:03  Refinery  
  154  17:06  Refinery  
  148  17:16  Viking  
  148  17:17  Viking x9  
  168  17:26  Orbital Command  
  168  17:27  Orbital Command x2  
  168  17:51  Command Center  
  168  17:53  Command Center  
  168  18:12  Command Center x2  
  168  18:13  Command Center x2  
  168  18:15  Orbital Command, Command Center  
  168  18:16  Command Center  
  168  18:18  Command Center  
  168  18:19  Command Center  
  154  19:06  Orbital Command x2  
  154  19:17  Orbital Command  
  154  19:19  Command Center  
  154  19:25  Command Center  
  154  19:35  Orbital Command  
  154  19:36  Orbital Command x3  
  154  19:38  Command Center  
  154  19:43  Orbital Command x2  
  154  19:44  Orbital Command  
  154  19:47  Viking x6  
  154  19:51  Viking x3  
  164  20:00  Viking x4  
  164  20:04  Viking  
  156  20:09  Viking  
  156  20:14  Orbital Command  
  156  20:20  Viking x2  
  160  20:24  Viking  
  162  20:30  Command Center x2  
  162  20:34  Command Center  
  162  20:36  Command Center  
  162  20:39  Orbital Command x2  
  162  21:00  Command Center, Widow Mine x6  
  174  21:04  Refinery  
  164  21:16  Orbital Command  
  162  21:28  Viking x4  
  162  21:30  Refinery  
  166  21:55  Orbital Command  
  160  22:17  Orbital Command x4  
  160  22:21  Orbital Command  
  160  22:57  Command Center  
  160  22:58  Command Center  
  160  22:59  Command Center  
  160  23:00  Command Center x2  
  160  23:02  Command Center  
  160  23:05  Command Center  
  160  23:08  Command Center x2  
  160  23:12  Viking x5  
  158  23:13  Viking x9, Command Center  
  178  23:32  Viking x3  
  184  23:59  Viking  
  184  24:00  Viking x4  
  190  24:10  Refinery  
  190  24:12  Refinery  
  190  24:22  Viking x3  
  190  24:23  Viking x5  
  200  24:26  Orbital Command  
  200  24:27  Orbital Command x5  
  200  24:28  Orbital Command x2  
  196  24:34  Orbital Command x2  
  196  24:48  Viking x2  
  200  24:57  Viking x2  
  168  26:12  Viking x15  
  168  26:13  Viking x2  
  194  27:13  Orbital Command  
Tags
 
Add a new tag
Caveats
  • Supply blocks, unpowered buildings, or Contaminate may cause inaccurate times.
  • Supply counts are checked every 10 seconds.